 BcadrenCrawl: Boulder Brew version 0.06-688-g08e91b2d95 (webtiles) character file.

Game seed: 5911714926800334538

8 Leeroy the Sneak (level 2, 14/14 HPs) Molten Gargoyle Vine Stalker. Began on Jan 22, 2023. Got out of the dungeon alive. The game lasted 00:00:51 (63 turns).

Leeroy the Sneak (Molten Gargoyle Vine Stalker)       Turns: 63, Time: 00:00:52

Health: 14/14      AC:  4    Str: 10    XL:     2 ^: 29
Magic:  5/5        EV: 13    Int: 11    God:
Gold:   0          SH:  0    Dex: 15    Spells: 2/3 levels left

rFire    + + +     Slash    +   a - +1 dagger
rCold    x x .     Pierce   .   (no weapon)
rNeg     + . .     Bludgeon +   b - +0 leather armour
rCorr    . . .     Vision   .   (no helmet)
rPois    ∞         Gourm    .   (no cloak)
rElec    +         Faith    .   (no gloves)
MR       .....     Spirit   +   (no boots)
HPRegen  0.14/turn Reflect  .   (no amulet)
MPRegen  0.15/turn Harm     .   (no ring)
Stlth    +++.......             (no ring)

@: no status effects
A: torment immune, lava walking, fangs, breathe magma 1, fire resistance 3,
negative energy resistance 1, electricity resistance, unbreathing, magic shield,
petrification resistance, antimagic bite, no potion heal, cold vulnerability 2,
rot immunity, core melding 2, artificial flesh
a: Breathe Magma


You escaped.
You were not hungry.

You visited 1 branch of the dungeon, and saw 1 of its levels.

Inventory:

Weapons
 a - a +1 dagger (weapon)
Armour
 b - a +0 leather armour (worn)
Comestibles
 d - a ration


   Skills:
 + Level 1.8 Short Blades
 + Level 3.2 Dodging
 + Level 4.0 Stealth
 + Level 1.1 Spellcasting
 + Level 2.0 Hexes


You had 2 spell levels left.
You knew the following spells:

 Your Spells              Type           Power        Failure   Level  Hunger
a - Magic Candle          Hex/Fire       2 (90)       22%         1    28-48

Your spell library contained the following spells:

 Spells                   Type           Power        Failure   Level  Hunger
 Ensorcelled Hibernation Hex/Ice 2 (50) 32% 2 68-108 Confuse Hex 5 (100) 38% 3 108-168 Tukima's Dance Hex 5 (100) 38% 3 108-168 Blinding Spray Hex/Pois 2 (50) 54% 3 108-168 Fulminant Prism Hex            5 (200)      80%         4    188-288


Dungeon Overview and Level Annotations

Branches:
Dungeon (1/8)

Altars:


Innate Abilities, Weirdness & Mutations

You are resistant to torment.
You are not damaged by walking on lava.
You are immune to poison.
You have razor-sharp fangs.
You can breathe lava.
You are almost immune to the effects of heat. (rF+++)
You resist negative energy. (rN+)
You are resistant to electric shocks. (rElec)
You can survive without breathing.
When hurt, damage is shared between your health and your magic reserves.
You are immune to petrification.
Your bite disrupts and absorbs the magic of your enemies.
Potions cannot restore your health.
You are very vulnerable to cold. (rC--)
You are immune to rotting.
The molten core of your body molds to fit into any body armour perfectly. (1.5x Base AC and No Encumberance from Armour).
Your artificial form resists hard blunt hits and is difficult to cut into. (rBludgeoning+ , rSlashing+)


Message History

The cinder newt is lightly wounded. (9/11) HP The cinder newt bites you.
You hit the cinder newt but do no damage.
You hit the cinder newt (1).
It is struck brutally!
The cinder newt is moderately wounded. (8/11) HP The cinder newt bites you (1).
You hit the cinder newt (2). You hit the cinder newt (1).
It is struck brutally!
The cinder newt is heavily wounded. (5/11) HP The cinder newt bites you.
You hit the cinder newt (2). You hit the cinder newt (2).
It is struck brutally!
You bite the cinder newt (1).
You kill the cinder newt!
Your Stealth skill increases to level 4!
You have reached level 2!
Magic restored.
There is a staircase leading out of the dungeon here.
Are you sure you want to leave the Dungeon?
This will make you lose the game!
You have escaped!

#..# ##### #...#
##....
############....#
##...§.§........##
#....§≈≈§≈≈.......
#....§§§§≈≈≈......
#@...≈≈$>[§§......
#....≈≈≈≈≈≈≈.....#
#.....≈≈≈≈§......#
##...............#
############....#


There were no monsters in sight!

Vanquished Creatures
  A cinder newt (D:1)
  A bat (D:1)
  A rat (D:1)
3 creatures vanquished.

Notes
Turn   | Place    | Note
-------+----------+-------------------------------------------
     0 | D:1      | Leeroy the Molten Gargoyle Vine Stalker began the quest for
                  | the Orb.
     0 | D:1      | Reached XP level 1. HP: 10/10 MP: 4/4
    34 | D:1      | Reached skill level 4 in Stealth
    34 | D:1      | Reached XP level 2. HP: 14/14 MP: 3/5
    63 | D:$      | Got out of the dungeon alive.

Illustrated notes

Levels and vault maps discovered:
D:1:      lemuel_arrival_lava_pool, layout_cave_pools,
          chequers_serial_rivers_micro_c, minmay_tetromino_t2

Skill      XL: |  1 |
---------------+----+-----
Stealth        | 4 |  4.0
Short Blades   | |  1.8
Dodging        | |  3.2
Spellcasting   | |  1.1
Hexes          | |  2.0

Action                   || total
-------------------------++-------
Melee: Dagger            ||     7
       Unarmed           ||     6
       Tailslap          ||     2
Armor: Leather armour    ||     7
Dodge: Dodged            ||     1
